 Dungeon Crawl Stone Soup version 0.22.1-6-g1668fe2 (webtiles) character file.

645 HEYYEYAAE the Poker (level 7, -7/90 HPs)
             Began as a Demigod Gladiator on Jan 27, 2019.
             Mangled by an orc priest
             ... wielding a +1 dagger of distortion
              (19 damage)
             ... on level 5 of the Dungeon.
             The game lasted 00:04:19 (4145 turns).

HEYYEYAAE the Poker (Demigod Gladiator)             Turns: 4145, Time: 00:04:19

Health: -7/90      AC: 23    Str: 21    XL:     7   Next: 6%
Magic:  9/9        EV:  2    Int: 12    God:
Gold:   240        SH:  0    Dex: 17    Spells: 6/6 levels left

rFire    . . .     SeeInvis +   a - +0 trident
rCold    . . .     Gourm    .   (no shield)
rNeg     + + +     Faith    .   (armour currently unavailable)
rPois    +         Spirit   .   (helmet currently unavailable)
rElec    .         Reflect  .   (cloak currently unavailable)
rCorr    .         Harm     .   (gloves currently unavailable)
MR       .....     NoTele   +   (boots currently unavailable)
Stlth    ++........             (no amulet)
HPRegen  0.25/turn              k - ring of positive energy
MPRegen  0.11/turn              m - ring of see invisible

@: tree-form
A: high mp 1
a: no special abilities


You were on level 5 of the Dungeon.
You were not hungry.
You were a tree.
You visited 1 branch of the dungeon, and saw 5 of its levels.

You collected 240 gold pieces.

Inventory:

Hand Weapons
 a - a +0 trident (weapon)
Missiles
 d - 3 throwing nets (quivered)
Armour
 c - a +0 helmet (melded)
 j - a +0 plate armour (melded)
Jewellery
 k - a ring of positive energy (left branch)
 m - a ring of see invisible (right branch)
 s - a +2 ring of evasion {unknown}
Scrolls
 g - 4 scrolls of blinking {unknown}
 h - a scroll of fog {unknown}
 i - 4 scrolls of identify {unknown}
 l - a scroll of enchant armour {unknown}
 o - 4 scrolls of remove curse {unknown}
 p - 2 scrolls of teleportation {unknown}
 r - a scroll of magic mapping {unknown}
Potions
 e - a potion of curing
 n - 2 potions of resistance {unknown}
 q - a potion of agility {unknown}
 u - a potion of mutation {unknown}
Comestibles
 f - 11 rations


   Skills:
 + Level 4.4 Fighting
 * Level 6.5 Polearms
 - Level 1.7 Throwing
 - Level 2.6 Dodging


You had 6 spell levels left.
You didn't know any spells.
Your spell library was empty.

Dungeon Overview and Level Annotations

Branches:
Dungeon (5/15)             Temple (0/1) D:4

Annotations:
D:3 1 runed door, bmj180's ghost, amateur HuFi


Innate Abilities, Weirdness & Mutations

You have an increased reservoir of magic. (+10% MP)


Message History

You hit the orc priest.
The orc priest is lightly wounded.
The orc priest hits you but does no damage.
Space warps horribly around you!
* * * LOW HITPOINT WARNING * * *
You barely miss the orc priest.
The orc priest is lightly wounded.
The orc priest hits you but does no damage.
Space bends around you.
* * * LOW HITPOINT WARNING * * *
You barely miss the orc priest.
The orc priest is lightly wounded.
The orc priest hits you but does no damage.
Space warps horribly around you!
* * * LOW HITPOINT WARNING * * *
You hit the orc priest but do no damage.
The orc priest is lightly wounded.
The orc priest hits you but does no damage.
Space warps horribly around you!
You die...

###.######...
#..........#
#....###..#####
#.### ##.# #
#.# #.# #.##
#..# ##♣# #o#
#.. #... ....>
...... .......
#........


You could see an orc priest.

Vanquished Creatures
  3 scorpions
  A crimson imp (D:5)
  An orc priest (D:3)
  A jelly (D:5)
  2 hounds (D:4)
  4 orc wizards
  5 worker ants (D:4)
  4 adders
  3 dart slugs
  13 orcs
  A ball python (D:3)
  4 giant cockroaches
  3 goblins
  3 hobgoblins
  4 jackals (D:3)
  3 quokkas
  A bat (D:3)
  3 frilled lizards
  A jackal skeleton (D:4)
  5 kobolds
  2 leopard gecko skeletons
  A quokka skeleton (D:5)
  10 rats
78 creatures vanquished.

Notes
Turn   | Place    | Note
-------+----------+-------------------------------------------
     0 | D:1      | HEYYEYAAE the Demigod Gladiator began the quest for the
                  | Orb.
     0 | D:1      | Reached XP level 1. HP: 17/17 MP: 3/3
   285 | D:1      | Reached skill level 3 in Polearms
   490 | D:1      | Reached XP level 2. HP: 24/24 MP: 4/4
   964 | D:2      | Found a sparkling altar of Nemelex Xobeh.
  1415 | D:2      | Noticed a moth of wrath
  1417 | D:2      | Found a bloodstained altar of Trog.
  1885 | D:3      | Found a runed door.
  1886 | D:3      | Noticed a two-headed ogre
  1886 | D:3      | Noticed bmj180's ghost (amateur HuFi)
  1977 | D:3      | Reached XP level 3. HP: 26/30 MP: 5/5
  2005 | D:3      | Reached skill level 4 in Polearms
  2133 | D:3      | Noticed a scorpion
  2149 | D:3      | Killed a scorpion
  2149 | D:3      | Reached XP level 4. HP: 28/38 MP: 6/6
  2558 | D:3      | Found a deep blue altar of Sif Muna.
  2660 | D:3      | Reached XP level 5. HP: 42/45 MP: 7/7
  3003 | D:4      | Found a staircase to the Ecumenical Temple.
  3059 | D:4      | Reached skill level 5 in Polearms
  3397 | D:4      | Reached XP level 6. HP: 48/52 MP: 8/8
  3757 | D:4      | Reached skill level 6 in Polearms
  3875 | D:5      | Entered Level 5 of the Dungeon
  4121 | D:5      | Reached XP level 7. HP: 49/60 MP: 9/9
  4145 | D:5      | Mangled by an orc priest

Skill      XL: |  1  2  3  4  5  6 |
---------------+-------------------+-----
Fighting       | 2 3 4 |  4.4
Polearms       | 3 4 5 6 |  6.5
Throwing       | |  1.7
Dodging        | |  2.6

Action                   |  1- 3 |  4- 6 |  7- 9 || total
-------------------------+-------+-------+-------++-------
Melee: Trident           |   134 |   200 |    12 ||   346
Evoke: Wand              |       |     3 |     4 ||     7
  Use: Potion            |     4 |     1 |     1 ||     6
 Stab: Sleeping          |     2 |       |       ||     2
       Paralysed         |       |     7 |       ||     7
  Eat: Chunk             |     4 |     6 |     1 ||    11
Armor: Leather armour    |    38 |     5 |       ||    43
       Plate armour      |       |    92 |     6 ||    98
       Skin              |       |       |     4 ||     4
Dodge: Dodged            |   114 |    55 |     1 ||   170
